 Dungeon Crawl Stone Soup version 0.23-a0-890-gc183402 (webtiles) character file.

Game seed: 6842935641928725974

135 galech the Shield-Bearer (level 4, 0/35 HPs)
             Began as a Demonspawn Fighter on Jan 28, 2019.
             Slain by an adder (3 damage)
             ... in a sewer.
             The game lasted 00:01:50 (1772 turns).

galech the Shield-Bearer (Demonspawn Fighter)       Turns: 1772, Time: 00:01:51

Health: 0/35       AC: 10    Str: 16    XL:     4   Next: 97%
Magic:  4/4        EV:  7    Int: 10    God:
Gold:   57         SH:  9    Dex: 13    Spells: 3/3 levels left

rFire    . . .     SeeInvis .   a - +0 war axe
rCold    . . .     Gourm    .   c - +0 shield
rNeg     . . .     Faith    .   b - +0 scale mail
rPois    .         Spirit   .   (no helmet)
rElec    .         Reflect  .   (no cloak)
rCorr    .         Harm     .   (no gloves)
MR       .....                  q - +0 pair of boots
Stlth    ..........             (no amulet)
HPRegen  0.11/turn              i - ring of attention (curse)
MPRegen  0.09/turn              n - +3 ring of protection

@: lethally poisoned (0 -> -2)
A: rot immunity
a: no special abilities


You were in a sewer.
You were not hungry.

You visited 1 branch of the dungeon, and saw 3 of its levels.
You also visited: Sewer.

You collected 57 gold pieces.

Inventory:

Hand Weapons
 a - a +0 war axe (weapon)
Armour
 b - a +0 scale mail (worn)
 c - a +0 shield (worn)
 q - a +0 pair of boots (worn)
Jewellery
 i - a cursed ring of attention (left hand)
 n - a +3 ring of protection (right hand)
Scrolls
 e - 3 scrolls of teleportation {unknown}
 h - a scroll of magic mapping {unknown}
 o - a scroll of enchant weapon {unknown}
 p - a scroll of blinking {unknown}
Potions
 d - a potion of might
 j - 2 potions of lignification {unknown}
 k - a potion of heal wounds {unknown}
 l - 2 potions of curing {unknown}
 m - a potion of ambrosia {unknown}
Comestibles
 f - 4 rations
 g - 7 chunks of flesh


   Skills:
 + Level 3.4 Fighting
 + Level 3.0 Axes
 + Level 3.1 Armour
 + Level 0.8 Dodging
 + Level 0.1 Stealth
 + Level 3.6 Shields


You had 3 spell levels left.
You didn't know any spells.
Your spell library was empty.

Dungeon Overview and Level Annotations

Branches:
Dungeon (3/15)

Altars:
The Shining One


Innate Abilities, Weirdness & Mutations

You are immune to rotting.


Message History

The adder is severely wounded.
You feel sick. You block the adder's attack. x2
You closely miss the adder.
The adder is severely wounded.
The adder barely misses you. x2
You barely miss the adder.
The adder is severely wounded.
You feel sick. The adder closely misses you.
The adder bites you but does no damage.
You miss the adder.
The adder is severely wounded.
The adder bites you.
* * * LOW HITPOINT WARNING * * *
The adder barely misses you.
Your shield and scale mail prevent you from hitting the adder.
The adder is severely wounded.
You feel sick. The adder bites you.
* * * LOW HITPOINT WARNING * * *
The adder bites you.
You die...

..≈≈≈# ##≈≈#
≈≈≈≈≈# #≈≈≈#
###### #≈.##
##≈≈# #≈≈≈#
##≈.## ##≈≈.#
###≈≈≈≈#
.≈#####@≈≈≈≈##
≈≈.≈..†.S≈.##
≈≈≈.≈≈≈≈≈≈##
#≈≈≈.≈≈≈###
###.∩.### ####


You could see an adder.

Vanquished Creatures
  An orc priest (D:3)
  4 adders
  4 oozes (Sewer)
  A dart slug (D:1)
  A worm (D:2)
  3 leopard geckos (Sewer)
  7 giant cockroaches
  3 goblins
  4 hobgoblins (D:1)
  4 jackals (D:2)
  3 ball pythons (Sewer)
  A bat (D:2)
  5 frilled lizards
  2 kobolds (D:2)
  4 rats
47 creatures vanquished.

Notes
Turn   | Place    | Note
-------+----------+-------------------------------------------
     0 | D:1      | galech the Demonspawn Fighter began the quest for the Orb.
     0 | D:1      | Reached XP level 1. HP: 18/18 MP: 1/1
   168 | D:1      | Gained mutation: You are immune to rotting. [demonic
                  | ancestry]
   168 | D:1      | Reached XP level 2. HP: 20/24 MP: 2/2
   755 | D:2      | Found a glowing golden altar of the Shining One.
  1115 | D:2      | Reached XP level 3. HP: 26/29 MP: 3/3
  1450 | D:3      | Found a glowing drain.
  1455 | D:3      | Reached XP level 4. HP: 18/35 MP: 4/4
  1519 | Sewer    | Entered a sewer
  1772 | Sewer    | Slain by an adder

Vault maps used:
D:1:      saegor_arrival_simple_b, minmay_misc_feat_doors
D:2:      lemuel_coloured_pillars_altar
D:3:      cheibrodos_sewer_entry_bend, first_ration
Sewer:    sewer_frog_island_02

Skill      XL: |  1  2  3  4 |
---------------+-------------+-----
Axes           | 2 3 |  3.0
Shields        | 3 |  3.6
Armour         | 3 |  3.1
Fighting       | |  3.4
Dodging        | |  0.8
Stealth        | |  0.1

Action                   |  1- 3 |  4- 6 || total
-------------------------+-------+-------++-------
Melee: War axe           |    91 |    93 ||   184
  Eat: Chunk             |     2 |     1 ||     3
Armor: Scale mail        |    53 |    69 ||   122
Dodge: Dodged            |    28 |    53 ||    81
Block: Shield            |    60 |    71 ||   131

Table legend:
 A = Non-vault XP
 B = Vault XP
 C = Vault XP percentage of total XP
 D = Non-vault monster count
 E = Vault monster count
 F = Vault count percentage of total count
                 A         B        C        D         E       F
            +---------+---------+-------+---------+---------+-------
      Total |     114 |      80 |  41.2 |      28 |      19 |  40.4
            +---------+---------+-------+---------+---------+-------
        D:1 |      23 |       0 |   0.0 |      13 |       0 |   0.0
        D:2 |      21 |       0 |   0.0 |      11 |       0 |   0.0
        D:3 |      70 |       0 |   0.0 |       4 |       0 |   0.0
      Sewer |       0 |      80 | 100.0 |       0 |      19 | 100.0
            +---------+---------+-------+---------+---------+-------
